[Event "84th ESP-ch 2019"]
[Site "Marbella"]
[Date "2019.11.20"]
[Round "5.24"]
[White "Pindado Campos, Raul"]
[Black "Bernabeu Lopez, Carlos Javier"]
[Result "1/2-1/2"]
[ECO "E62"]
[WhiteElo "2100"]
[BlackElo "2366"]
[Annotator "ChessBase"]
[PlyCount "110"]
[EventDate "2019.11.16"]
[EventType "swiss"]
[EventCountry "ESP"]
[SourceTitle "playchess.com"]
[Source "ChessBase"]
[SourceQuality "1"]
[TimeControl "5400+30"]

1. d4 g6 2. c4 Bg7 3. Nf3 Nf6 4. g3 O-O 5. Bg2 d6 6. O-O Nc6 7. Nc3 Bg4 8. h3 Bxf3 9. Bxf3 Nd7 10. e3 e5 11. Ne2 exd4 12. exd4 Qf6 13. Bg2 Nxd4 14. Bxb7 Rab8 15. Bg2 Nc5 16. Nc3 Qe6 17. Nd5 Ne2+ 18. Kh2 Nxc1 19. Rxc1 Rxb2 20. Nxc7 Qf5 21. Nd5 Re8 22. Ne3 Qd3 23. Qf3 Qe2 24. Qc6 Rd8 25. Rce1 Qh5 26. Nd5 Ne6 27. f4 h6 28. f5 Nd4 29. Ne7+ Kh7 30. Qd5 gxf5 31. Nxf5 Nxf5 32. Rxf5 Qg6 33. Rxf7 Kh8 34. Qf5 Qxf5 35. Rxf5 Rxa2 36. h4 Rg8 37. Kh3 Be5 38. Re3 Rc8 39. Bd5 a5 40. Ref3 Rc2 41. Rf7 Rc3 42. Rxc3 Bxc3 43. Ra7 Re8 44. Ra8 Rxa8 45. Bxa8 a4 46. Be4 Kg7 47. Kg4 Kf6 48. Kf3 Ke5 49. Ke3 Be1 50. h5 Bxg3 51. Bb1 a3 52. Kd3 Kf6 53. Kc3 a2 54. Bxa2 Kg5 55. c5 dxc5 1/2-1/2

[Event "84th ESP-ch 2019"]
[Site "Marbella"]
[Date "2019.11.20"]
[Round "5.26"]
[White "Mingarro Carceller, Sergi"]
[Black "Sosa Suarez, Carla Cristina"]
[Result "1-0"]
[ECO "C07"]
[WhiteElo "2329"]
[BlackElo "2022"]
[Annotator "ChessBase"]
[PlyCount "101"]
[EventDate "2019.11.16"]
[EventType "swiss"]
[EventCountry "ESP"]
[SourceTitle "playchess.com"]
[Source "ChessBase"]
[SourceQuality "1"]
[TimeControl "5400+30"]

1. e4 e6 2. d4 d5 3. Nd2 c5 4. exd5 Qxd5 5. Ngf3 cxd4 6. Bc4 Qd6 7. O-O Nf6 8. Nb3 Nc6 9. Nbxd4 Nxd4 10. Nxd4 a6 11. Re1 Bd7 12. c3 Qc7 13. Qe2 Bd6 14. Bg5 O-O-O 15. h3 h6 16. Be3 Kb8 17. a4 Nd5 18. Bxd5 exd5 19. a5 Rde8 20. Qf3 f5 21. Nc2 f4 22. Bb6 Qc4 23. Red1 Re4 24. Rd2 Rhe8 25. Rad1 Ba4 26. Rd4 Qc6 27. R4d2 Bxc2 28. Rxc2 Re1+ 29. Kh2 Qb5 30. Qxd5 Qxd5 31. Rxd5 Be5 32. Rcd2 f3+ 33. g3 Bc7 34. Rd7 Bxb6 35. axb6 Kc8 36. Rc7+ Kb8 37. Rdd7 R1e2 38. Rxb7+ Ka8 39. Ra7+ Kb8 40. Rab7+ Kc8 41. g4 Rxf2+ 42. Kg3 Rxb2 43. Kxf3 Rf8+ 44. Ke3 Rb3 45. Kd3 Rf3+ 46. Ke4 Rfxc3 47. Rxg7 Rb4+ 48. Kd5 Rd3+ 49. Kc5 Rb5+ 50. Kc4 Rd8 51. Rgc7# 1-0

[Event "84th ESP-ch 2019"]
[Site "Marbella"]
[Date "2019.11.20"]
[Round "5.27"]
[White "Gomez Dieguez, David"]
[Black "Carbonell Bofill, Carlos Eloy"]
[Result "1-0"]
[ECO "C11"]
[WhiteElo "2336"]
[BlackElo "2098"]
[Annotator "ChessBase"]
[PlyCount "77"]
[EventDate "2019.11.16"]
[EventType "swiss"]
[EventCountry "ESP"]
[SourceTitle "playchess.com"]
[Source "ChessBase"]
[SourceQuality "1"]
[TimeControl "5400+30"]

1. e4 e6 2. d4 d5 3. Nc3 Nf6 4. e5 Nfd7 5. f4 c5 6. Nf3 Nc6 7. Be3 Qb6 8. Na4 Qa5+ 9. c3 b6 10. Bd2 c4 11. b4 Qa6 12. Be2 g6 13. O-O h5 14. f5 exf5 15. Ng5 Ndb8 16. Nh3 Nd8 17. Bf3 Be6 18. Nf4 Qb7 19. Nb2 b5 20. a4 a6 21. axb5 axb5 22. Rxa8 Qxa8 23. Qa1 Qb7 24. Nd1 Bh6 25. Qc1 Nd7 26. Nxe6 Bxd2 27. Nxd8 Bxc1 28. Nxb7 Nb6 29. Nd6+ Ke7 30. Nxb5 Kd7 31. Nf2 Bd2 32. Rd1 Be3 33. Ra1 g5 34. Ra7+ Kc6 35. Nd6 Na8 36. b5+ Kb6 37. Ra6+ Kc7 38. Bxd5 Nb6 39. Ra7+ 1-0

[Event "84th ESP-ch 2019"]
[Site "Marbella"]
[Date "2019.11.20"]
[Round "5.29"]
[White "Jimenez Ruano, Adrian"]
[Black "Lopez Guerrero, Jose Miguel"]
[Result "1-0"]
[ECO "A17"]
[WhiteElo "2269"]
[BlackElo "2085"]
[Annotator "ChessBase"]
[PlyCount "85"]
[EventDate "2019.11.16"]
[EventType "swiss"]
[EventCountry "ESP"]
[SourceTitle "playchess.com"]
[Source "ChessBase"]
[SourceQuality "1"]
[TimeControl "5400+30"]

1. Nf3 Nf6 2. c4 e6 3. Nc3 Bb4 4. Qc2 O-O 5. e3 d5 6. cxd5 exd5 7. Be2 c5 8. d4 cxd4 9. Nxd4 Nc6 10. Nxc6 bxc6 11. O-O Bd7 12. Bd2 Qe7 13. Bf3 Rab8 14. Rfe1 Qe5 15. g3 h5 16. a3 Bd6 17. b4 h4 18. e4 d4 19. Bf4 Qe6 20. e5 dxc3 21. exd6 Qc4 22. Be5 Nd5 23. Be2 Ne3 24. fxe3 Qd5 25. Qxc3 Rfe8 26. Bf4 hxg3 27. Bxg3 a5 28. Bc4 Qg5 29. Qd4 axb4 30. axb4 Rbd8 31. Qh4 Qg6 32. Rf1 Be6 33. Bxe6 Qxe6 34. Qf4 Rd7 35. Rf2 Qg6 36. Qf5 Rxd6 37. Qxf7+ Qxf7 38. Rxf7 Rd3 39. Raa7 Rexe3 40. Rxg7+ Kh8 41. Rgc7 Rd1+ 42. Kf2 Re8 43. Be5+ 1-0

[Event "84th ESP-ch 2019"]
[Site "Marbella"]
[Date "2019.11.20"]
[Round "5.30"]
[White "Silva Lucena, Cristian"]
[Black "Antonano Fedz-Quincoces, Avelino"]
[Result "0-1"]
[ECO "A04"]
[WhiteElo "2244"]
[BlackElo "2021"]
[Annotator "ChessBase"]
[PlyCount "94"]
[EventDate "2019.11.16"]
[EventType "swiss"]
[EventCountry "ESP"]
[SourceTitle "playchess.com"]
[Source "ChessBase"]
[SourceQuality "1"]
[TimeControl "5400+30"]

1. Nf3 c5 2. c4 Nc6 3. b3 e5 4. Bb2 d6 5. g3 g6 6. Bg2 Bg7 7. O-O Nge7 8. e3 O-O 9. Nc3 Bg4 10. h3 Bd7 11. d3 f5 12. Nd2 Nb4 13. Qe2 Bc6 14. Nf3 a5 15. a3 Na6 16. d4 Bxf3 17. Qxf3 e4 18. Qd1 Nc6 19. d5 Ne5 20. Qc2 Nd3 21. Rfd1 Nab4 22. Qb1 Qf6 23. axb4 Nxb2 24. Qxb2 axb4 25. Na4 Qxb2 26. Nxb2 Bxb2 27. Rxa8 Rxa8 28. Rb1 Be5 29. Bf1 Kf7 30. Be2 Ra2 31. Kf1 Kf6 32. h4 h6 33. Bd1 Rd2 34. Be2 Bc3 35. Bd1 Ke5 36. Be2 g5 37. hxg5 hxg5 38. Bh5 f4 39. g4 fxe3 40. fxe3 Rh2 41. Kg1 Re2 42. Rf1 Rxe3 43. Rf5+ Kd4 44. Rxg5 Kd3 45. Rf5 Bd4 46. Kf1 Rf3+ 47. Kg2 Kc3 0-1

[Event "84th ESP-ch 2019"]
[Site "Marbella"]
[Date "2019.11.20"]
[Round "5.31"]
[White "Rey Malde, Henrique"]
[Black "Ruiz Bellon, Manuel"]
[Result "1-0"]
[ECO "B03"]
[WhiteElo "2209"]
[BlackElo "1994"]
[Annotator "ChessBase"]
[PlyCount "41"]
[EventDate "2019.11.16"]
[EventType "swiss"]
[EventCountry "ESP"]
[SourceTitle "playchess.com"]
[Source "ChessBase"]
[SourceQuality "1"]
[TimeControl "5400+30"]

1. e4 Nf6 2. e5 Nd5 3. c4 Nb6 4. d4 d6 5. exd6 cxd6 6. Nc3 g6 7. Be3 Bg7 8. Rc1 Nc6 9. b3 O-O 10. d5 Ne5 11. Be2 a5 12. f4 Ned7 13. Nf3 Nc5 14. Nd4 e5 15. dxe6 Bxe6 16. O-O Qe7 17. Bf2 d5 18. cxd5 Nxd5 19. Nf5 Qd7 20. Nxd5 gxf5 21. Rxc5 1-0

[Event "84th ESP-ch 2019"]
[Site "Marbella"]
[Date "2019.11.20"]
[Round "5.32"]
[White "Martinez Piqueras, Carlos"]
[Black "Perez Guerra, Alberto"]
[Result "0-1"]
[ECO "C45"]
[WhiteElo "2206"]
[BlackElo "1988"]
[Annotator "ChessBase"]
[PlyCount "102"]
[EventDate "2019.11.16"]
[EventType "swiss"]
[EventCountry "ESP"]
[SourceTitle "playchess.com"]
[Source "ChessBase"]
[SourceQuality "1"]
[TimeControl "5400+30"]

1. e4 e5 2. Nf3 Nc6 3. d4 exd4 4. Nxd4 Bc5 5. Nb3 Bb6 6. Nc3 Nf6 7. Qe2 O-O 8. Be3 d5 9. O-O-O d4 10. Bg5 Qd6 11. Kb1 Ng4 12. Nd5 Be6 13. h3 Nge5 14. f4 d3 15. cxd3 Nd7 16. d4 Bxd5 17. exd5 Rfe8 18. Qf3 Nb4 19. Bc4 a5 20. Nc1 Nf6 21. Bxf6 Qxf6 22. a3 Qf5+ 23. Nd3 Nxd3 24. Bxd3 Qf6 25. g4 Bxd4 26. g5 Qb6 27. Rh2 Re3 28. Qg2 Bc5 29. Qc2 Bxa3 30. Bxh7+ Kh8 31. Bd3 Bd6 32. Qf2 Kg8 33. g6 Qd4 34. gxf7+ Kf8 35. Bc2 Qxf4 36. Qxf4 Bxf4 37. Rf2 Be5 38. Bg6 Ra6 39. Bf5 Rf6 40. Rdf1 Kxf7 41. Be6+ Ke7 42. Rxf6 Bxf6 43. Rc1 Kd6 44. Bc8 Rb3 45. Rc2 Kxd5 46. Rxc7 Rxb2+ 47. Kc1 b5 48. Bb7+ Ke5 49. Ba6 Kd6 50. Rf7 Rf2 51. Kb1 a4 0-1

[Event "84th ESP-ch 2019"]
[Site "Marbella"]
[Date "2019.11.20"]
[Round "5.33"]
[White "Perera Borrego, Maria Adela"]
[Black "Viciano Barrachina, Aitor"]
[Result "1-0"]
[ECO "A85"]
[WhiteElo "2201"]
[BlackElo "1954"]
[Annotator "ChessBase"]
[PlyCount "63"]
[EventDate "2019.11.16"]
[EventType "swiss"]
[EventCountry "ESP"]
[SourceTitle "playchess.com"]
[Source "ChessBase"]
[SourceQuality "1"]
[TimeControl "5400+30"]

1. d4 f5 2. c4 Nf6 3. Nc3 d6 4. Nf3 g6 5. g3 Bg7 6. Bg2 O-O 7. O-O Qe8 8. b3 e5 9. dxe5 dxe5 10. e4 c6 11. Re1 Nfd7 12. Ba3 Rf6 13. Qd2 Na6 14. Rad1 f4 15. Qc2 h6 16. gxf4 Rxf4 17. Ne2 Rf6 18. Ng3 c5 19. Nf1 Qf7 20. Qe2 Nc7 21. Ne3 Rf4 22. Nd5 Nxd5 23. Rxd5 g5 24. Bb2 b6 25. Red1 Kh7 26. Bc1 Rf6 27. Rxd7 Bxd7 28. Nxe5 Qe7 29. Nxd7 Rd6 30. Rxd6 Qxd6 31. e5 Re8 32. Be4+ 1-0

[Event "84th ESP-ch 2019"]
[Site "Marbella"]
[Date "2019.11.20"]
[Round "5.34"]
[White "Munoz Suarez, Luis Alberto"]
[Black "Rodriguez Redondo, Adhara"]
[Result "0-1"]
[ECO "C31"]
[WhiteElo "1944"]
[BlackElo "2199"]
[Annotator "ChessBase"]
[PlyCount "52"]
[EventDate "2019.11.16"]
[EventType "swiss"]
[EventCountry "ESP"]
[SourceTitle "playchess.com"]
[Source "ChessBase"]
[SourceQuality "1"]
[TimeControl "5400+30"]

1. e4 e5 2. f4 d5 3. Nf3 exf4 4. e5 Be7 5. d4 Bh4+ 6. Ke2 Bg4 7. Bxf4 Qd7 8. Qd3 Nc6 9. c3 O-O-O 10. Kd2 Be7 11. h3 Bf5 12. Qe3 f6 13. Bb5 Be4 14. a4 Qe6 15. Na3 Na5 16. Rae1 Nb3+ 17. Ke2 g5 18. Bh2 Nh6 19. Bd3 f5 20. Nd2 Nxd2 21. Kxd2 Bxg2 22. Rhg1 f4 23. Qf2 Bxh3 24. b4 Bf5 25. Nc2 Bxd3 26. Kxd3 Qh3+ 0-1

[Event "84th ESP-ch 2019"]
[Site "Marbella"]
[Date "2019.11.20"]
[Round "5.35"]
[White "Castellanos Bogalo, Antonio"]
[Black "Garcia Vicente, Nieves"]
[Result "0-1"]
[ECO "C47"]
[WhiteElo "1915"]
[BlackElo "2175"]
[Annotator "ChessBase"]
[PlyCount "82"]
[EventDate "2019.11.16"]
[EventType "swiss"]
[EventCountry "ESP"]
[SourceTitle "playchess.com"]
[Source "ChessBase"]
[SourceQuality "1"]
[TimeControl "5400+30"]

1. e4 e5 2. Nf3 Nc6 3. Nc3 Nf6 4. d4 exd4 5. Nd5 Be7 6. Bc4 O-O 7. O-O d6 8. Nxd4 Nxd4 9. Qxd4 Nxd5 10. Bxd5 Bf6 11. Qd3 a5 12. a4 c6 13. Bc4 Be6 14. Rd1 Re8 15. Ra3 Bxc4 16. Qxc4 Qe7 17. f3 d5 18. exd5 cxd5 19. Qd3 Qb4 20. Be3 Rac8 21. c3 Qxb2 22. Bc1 Qb6+ 23. Kf1 h6 24. Bf4 Qc6 25. Bg3 Bxc3 26. Qxd5 Rcd8 27. Qxd8 Rxd8 28. Rxd8+ Kh7 29. Rd3 Bb4 30. Ra1 Qc4 31. Rad1 Bc5 32. Be1 Qxa4 33. g3 b6 34. Rd7 Qc4+ 35. R1d3 a4 36. Kg2 a3 37. Bc3 a2 38. Ba1 b5 39. h4 b4 40. Kh3 b3 41. Be5 Qe6+ 0-1

[Event "84th ESP-ch 2019"]
[Site "Marbella"]
[Date "2019.11.20"]
[Round "5.36"]
[White "Ruiz Buendia, Miguel"]
[Black "Donado-Mazarron Gomez, Miguel"]
[Result "1-0"]
[ECO "B20"]
[WhiteElo "1875"]
[BlackElo "2171"]
[Annotator "ChessBase"]
[PlyCount "111"]
[EventDate "2019.11.16"]
[EventType "swiss"]
[EventCountry "ESP"]
[SourceTitle "playchess.com"]
[Source "ChessBase"]
[SourceQuality "1"]
[TimeControl "5400+30"]

1. e4 c5 2. b3 Nf6 3. e5 Nd5 4. Nf3 g6 5. Bb2 Bg7 6. Nc3 Nf4 7. g3 Ne6 8. Bc4 Nc6 9. Bxe6 dxe6 10. Ne4 Nxe5 11. Nxe5 Qd5 12. Qf3 Bxe5 13. c4 Bxb2 14. cxd5 Bxa1 15. dxe6 O-O 16. Nxc5 Bd4 17. Nd7 Bxd7 18. exd7 Rfd8 19. Qxb7 Rab8 20. Qc7 Bb6 21. Qc6 Ba5 22. O-O Rb6 23. Qa4 Bxd2 24. Qxa7 Rd6 25. Qc5 R8xd7 26. Rd1 Rd5 27. Qc2 e5 28. Kf1 Kg7 29. Ke2 Bb4 30. Rxd5 Rxd5 31. Qe4 Rd2+ 32. Ke3 Bc3 33. Qc4 Ba5 34. a3 Ra2 35. Qc5 Bd2+ 36. Kd3 Bg5 37. Qxe5+ Bf6 38. Qc5 Rb2 39. Qb6 Rb1 40. a4 Rd1+ 41. Kc2 Rd5 42. Qc6 Re5 43. b4 Re2+ 44. Kd3 Rxf2 45. a5 Rb2 46. b5 Rb3+ 47. Kc2 Rb2+ 48. Kd3 Rb3+ 49. Ke4 Rb4+ 50. Kd5 Rd4+ 51. Kc5 Rd2 52. a6 Bd4+ 53. Kc4 Bg1 54. Kc3 Ra2 55. Kb3 Ra5 56. Qc3+ 1-0

[Event "84th ESP-ch 2019"]
[Site "Marbella"]
[Date "2019.11.20"]
[Round "5.37"]
[White "Jaime Montalvan, Luis Felipe"]
[Black "Diaz Mino, Daniel"]
[Result "0-1"]
[ECO "A16"]
[WhiteElo "2167"]
[BlackElo "1953"]
[Annotator "ChessBase"]
[PlyCount "114"]
[EventDate "2019.11.16"]
[EventType "swiss"]
[EventCountry "ESP"]
[SourceTitle "playchess.com"]
[Source "ChessBase"]
[SourceQuality "1"]
[TimeControl "5400+30"]

1. c4 Nf6 2. Nc3 g6 3. g3 Bg7 4. Bg2 O-O 5. d3 d6 6. e3 Nbd7 7. Nge2 Rb8 8. O-O b6 9. Nd4 Bb7 10. Nc6 Bxc6 11. Bxc6 Ne5 12. Bg2 c5 13. f4 Ned7 14. Bd2 a6 15. a4 Qc7 16. Qe2 e6 17. g4 Rfd8 18. g5 Ne8 19. Qg4 f5 20. gxf6 Nexf6 21. Qxe6+ Kh8 22. Rae1 Rf8 23. Rf3 Rbe8 24. Qh3 Nb8 25. Qh4 Nc6 26. Rh3 h6 27. Nd5 Nxd5 28. cxd5 Nb4 29. Bc3 Kh7 30. Be4 Qf7 31. Re2 Na2 32. Rg2 Rxe4 33. dxe4 Nxc3 34. bxc3 Re8 35. Rhg3 Bf6 36. Qh3 Rg8 37. c4 Qe8 38. Qe6 Qxe6 39. dxe6 Be7 40. Rb2 Rb8 41. f5 g5 42. Kf2 Kg7 43. h4 Kf6 44. hxg5+ hxg5 45. Kf3 Ke5 46. Rg1 Rb7 47. Rgb1 Bd8 48. a5 g4+ 49. Ke2 Kxe4 50. Rxb6 Rh7 51. Rf1 g3 52. Rf4+ Ke5 53. Kf3 Bxb6 54. axb6 Kf6 55. Ke4 g2 56. b7 Rxb7 57. Rg4 Rg7 0-1

[Event "84th ESP-ch 2019"]
[Site "Marbella"]
[Date "2019.11.20"]
[Round "5.38"]
[White "Guadamuro Torrente, Anabel"]
[Black "Juan Mas, Santiago"]
[Result "1/2-1/2"]
[ECO "B00"]
[WhiteElo "2145"]
[BlackElo "1930"]
[Annotator "ChessBase"]
[PlyCount "102"]
[EventDate "2019.11.16"]
[EventType "swiss"]
[EventCountry "ESP"]
[SourceTitle "playchess.com"]
[Source "ChessBase"]
[SourceQuality "1"]
[TimeControl "5400+30"]

1. e4 Nc6 2. d4 d5 3. e5 f6 4. f4 Bf5 5. c3 Nh6 6. Nf3 g6 7. Be2 Bg7 8. Nbd2 O-O 9. Nf1 Kh8 10. Ng3 Bg4 11. h3 Bxf3 12. Bxf3 fxe5 13. fxe5 e6 14. h4 Nf5 15. Bg5 Qd7 16. Nxf5 Rxf5 17. Qd2 Na5 18. b3 c5 19. Bg4 Rff8 20. h5 gxh5 21. Bxh5 Kg8 22. Bg4 Rf7 23. Qd3 Bf8 24. Bf6 Be7 25. Qg6+ Kf8 26. Rxh7 Bxf6 27. Rxf7+ Qxf7 28. Qxf6 Qxf6 29. exf6 Kf7 30. Kd2 cxd4 31. Rf1 dxc3+ 32. Kxc3 Rh8 33. Re1 Kxf6 34. Rxe6+ Kg5 35. Bf3 Rc8+ 36. Kd2 Nc6 37. Rd6 Nb4 38. a3 Nc2 39. Rxd5+ Kf6 40. Ra5 Nd4 41. Rxa7 Nxb3+ 42. Ke3 Rc3+ 43. Kf4 Nc5 44. Ra8 b5 45. Rb8 Ne6+ 46. Kg4 Nd4 47. Rb6+ Ke5 48. Ra6 Nc2 49. Be2 Rxa3 50. Bxb5 Rxa6 51. Bxa6 Ne3+ 1/2-1/2

[Event "84th ESP-ch 2019"]
[Site "Marbella"]
[Date "2019.11.20"]
[Round "5.39"]
[White "Collado Barbas, Laura"]
[Black "Serrano Garcia, Luis"]
[Result "0-1"]
[ECO "A58"]
[WhiteElo "2142"]
[BlackElo "1866"]
[Annotator "ChessBase"]
[PlyCount "68"]
[EventDate "2019.11.16"]
[EventType "swiss"]
[EventCountry "ESP"]
[SourceTitle "playchess.com"]
[Source "ChessBase"]
[SourceQuality "1"]
[TimeControl "5400+30"]

1. d4 Nf6 2. c4 c5 3. d5 b5 4. cxb5 a6 5. bxa6 g6 6. Nc3 Bg7 7. e4 O-O 8. Nf3 Qa5 9. Nd2 Bxa6 10. Bxa6 Qxa6 11. a4 e6 12. dxe6 fxe6 13. Nb5 Qc6 14. Qc2 Na6 15. O-O Nb4 16. Qb1 d5 17. Ra3 Nxe4 18. Nxe4 dxe4 19. Be3 Nd3 20. b3 Rf7 21. Ra2 Qd5 22. Rc2 Raf8 23. Rc4 Be5 24. Qc2 Rf5 25. h3 Bb8 26. Nc3 Qe5 27. g3 Nxf2 28. Bxf2 Rxf2 29. Rxf2 Qxg3+ 30. Kf1 Qxh3+ 31. Ke1 Qh1+ 32. Kd2 Rxf2+ 33. Ne2 Bf4+ 34. Kc3 Qf3+ {[%emt 0:00:07] Kd4} 0-1

[Event "84th ESP-ch 2019"]
[Site "Marbella"]
[Date "2019.11.20"]
[Round "5.40"]
[White "De La Cruz Revilla, Miguel"]
[Black "Maceira Moya, Nery"]
[Result "1/2-1/2"]
[ECO "B01"]
[WhiteElo "2138"]
[BlackElo "1773"]
[Annotator "ChessBase"]
[PlyCount "79"]
[EventDate "2019.11.16"]
[EventType "swiss"]
[EventCountry "ESP"]
[SourceTitle "playchess.com"]
[Source "ChessBase"]
[SourceQuality "1"]
[TimeControl "5400+30"]

1. e4 d5 2. exd5 Qxd5 3. Nc3 Qd8 4. Bc4 Nf6 5. d3 g6 6. Bd2 Bg7 7. Nf3 O-O 8. O-O Nc6 9. a3 a6 10. h3 b5 11. Ba2 Bb7 12. Qe2 e6 13. Rad1 Nd4 14. Nxd4 Qxd4 15. Be3 Qd6 16. f3 Nh5 17. Qf2 Rfe8 18. Ne4 Qc6 19. d4 Rad8 20. c3 f5 21. Nc5 Bc8 22. Bg5 Rd6 23. Rfe1 h6 24. d5 exd5 25. Be7 Rxe7 26. Rxe7 Bf6 27. Ree1 Kh7 28. Nd3 Be6 29. g4 Ng7 30. Ne5 Qa8 31. Kh2 Qd8 32. Qe3 Bh4 33. Qd4 Bxe1 34. Rxe1 Qh4 35. Re2 fxg4 36. fxg4 h5 37. Bb1 Bxg4 38. Nxg4 hxg4 39. Qxg4 Qxg4 40. hxg4 1/2-1/2

[Event "84th ESP-ch 2019"]
[Site "Marbella"]
[Date "2019.11.20"]
[Round "5.41"]
[White "Garcia-Blazquez Perez, Manuel"]
[Black "Diaz Mino, Pablo"]
[Result "0-1"]
[ECO "C44"]
[WhiteElo "1856"]
[BlackElo "2135"]
[Annotator "ChessBase"]
[PlyCount "50"]
[EventDate "2019.11.16"]
[EventType "swiss"]
[EventCountry "ESP"]
[SourceTitle "playchess.com"]
[Source "ChessBase"]
[SourceQuality "1"]
[TimeControl "5400+30"]

1. e4 e5 2. Nf3 Nc6 3. d4 exd4 4. Nxd4 Bb4+ 5. c3 Bc5 6. Be3 Bb6 7. Nf5 Bxe3 8. Nxe3 Nf6 9. Nd2 O-O 10. Be2 Re8 11. Qc2 d5 12. exd5 Nxd5 13. O-O-O Nxe3 14. fxe3 Qg5 15. Bd3 h6 16. Nc4 Be6 17. Kb1 Rad8 18. e4 b5 19. Nd2 b4 20. Nf3 Qa5 21. c4 b3 22. axb3 Nb4 23. Qe2 Qa2+ 24. Kc1 Nxd3+ 25. Rxd3 Qa1+ 0-1

[Event "84th ESP-ch 2019"]
[Site "Marbella"]
[Date "2019.11.20"]
[Round "5.42"]
[White "Romero Calduch, Sergio"]
[Black "Juan Lepp, Jaime Boris"]
[Result "1-0"]
[ECO "D07"]
[WhiteElo "2130"]
[BlackElo "1746"]
[Annotator "ChessBase"]
[PlyCount "68"]
[EventDate "2019.11.16"]
[EventType "swiss"]
[EventCountry "ESP"]
[SourceTitle "playchess.com"]
[Source "ChessBase"]
[SourceQuality "1"]
[TimeControl "5400+30"]

1. d4 d5 2. c4 Nc6 3. Nc3 dxc4 4. Nf3 Nf6 5. Bg5 Bg4 6. d5 Bxf3 7. exf3 Ne5 8. f4 Nd3+ 9. Bxd3 cxd3 10. Qb3 Rb8 11. O-O-O h6 12. Bh4 Qd6 13. Kb1 a6 14. Rhe1 d2 15. Re2 Qxf4 16. Bg3 Qf5+ 17. Ka1 Qd7 18. Rdxd2 Nh5 19. d6 Nxg3 20. dxe7 Nxe2 21. Rxd7 Kxd7 22. exf8=Q Rhxf8 23. Qd5+ Ke7 24. Qe4+ Kd7 25. Qxe2 f5 26. Qd3+ Kc6 27. Qc4+ Kb6 28. Qd4+ Kc6 29. Qxg7 Rbe8 30. a3 b6 31. Qxh6+ Kb7 32. Qf4 Rf7 33. h4 Rg8 34. g3 Rg4 1-0

[Event "84th ESP-ch 2019"]
[Site "Marbella"]
[Date "2019.11.21"]
[Round "6.9"]
[White "Rahal, Michael A"]
[Black "Del Rio De Angelis, Salvador G."]
[Result "1/2-1/2"]
[ECO "A05"]
[WhiteElo "2309"]
[BlackElo "2502"]
[Annotator "ChessBase"]
[PlyCount "67"]
[EventDate "2019.11.16"]
[EventType "swiss"]
[EventCountry "ESP"]
[SourceTitle "playchess.com"]
[Source "ChessBase"]
[SourceQuality "1"]
[TimeControl "5400+30"]

1. Nf3 Nf6 2. c4 e6 3. Nc3 d5 4. e3 dxc4 5. Bxc4 a6 6. a4 Nc6 7. d4 Bb4 8. O-O O-O 9. Qe2 h6 10. Rd1 Qe7 11. Ne5 Na5 12. Ba2 c5 13. Nd3 b6 14. dxc5 bxc5 15. e4 Bb7 16. f3 Nc6 17. Be3 Nd4 18. Qf2 e5 19. Nxb4 cxb4 20. Nd5 Bxd5 21. Bxd5 Nxd5 22. exd5 Rac8 23. Bxd4 exd4 24. Rxd4 Qd6 25. Rad1 Rfe8 26. Qg3 Re5 27. Qf2 Rc5 28. Rxb4 Rcxd5 29. Rxd5 Rxd5 30. Re4 Rd1+ 31. Re1 Rxe1+ 32. Qxe1 Qd4+ 33. Kf1 Qxa4 34. Qd2 1/2-1/2

[Event "84th ESP-ch 2019"]
[Site "Marbella"]
[Date "2019.11.21"]
[Round "6.16"]
[White "Vega Gutierrez, Sabrina"]
[Black "Calzetta Ruiz, Monica"]
[Result "1/2-1/2"]
[ECO "A57"]
[WhiteElo "2374"]
[BlackElo "2251"]
[Annotator "RC"]
[PlyCount "71"]
[EventDate "2019.11.16"]
[EventType "swiss"]
[EventCountry "ESP"]
[SourceTitle "playchess.com"]
[Source "ChessBase"]
[SourceQuality "1"]
[TimeControl "5400+30"]

1. d4 Nf6 2. c4 c5 3. d5 b5 4. cxb5 a6 5. e3 g6 6. Nc3 Bg7 7. e4 d6 8. Nf3 O-O 9. a4 e6 10. dxe6 Bxe6 11. Be2 axb5 12. Bxb5 d5 13. Bg5 d4 14. e5 dxc3 15. exf6 Bxf6 16. Qxd8 Bxd8 17. bxc3 Ba5 18. Bd2 Nd7 19. c4 Nb6 20. Bxa5 Rxa5 21. Ne5 f6 22. Nc6 Raa8 23. O-O Bxc4 24. Bxc4+ Nxc4 25. Rfc1 Na5 26. Nxa5 Rxa5 27. g3 Rb8 28. Rd1 c4 29. Rd7 Rc5 30. Re1 c3 31. Ree7 c2 32. Rg7+ Kf8 33. Rgf7+ Ke8 34. Rfe7+ Kf8 35. Rf7+ Ke8 36. Rfe7+ 1/2-1/2

[Event "84th ESP-ch 2019"]
[Site "Marbella"]
[Date "2019.11.21"]
[Round "6.17"]
[White "Vega Gutierrez, Belinda"]
[Black "Larino Nieto, David"]
[Result "0-1"]
[ECO "A11"]
[WhiteElo "2161"]
[BlackElo "2473"]
[Annotator "ChessBase"]
[PlyCount "58"]
[EventDate "2019.11.16"]
[EventType "swiss"]
[EventCountry "ESP"]
[SourceTitle "playchess.com"]
[Source "ChessBase"]
[SourceQuality "1"]
[TimeControl "5400+30"]

1. e4 a6 2. d4 g6 3. Nf3 Bg7 4. h4 d5 5. exd5 Qxd5 6. Nc3 Qh5 7. Be2 Bg4 8. Bf4 c5 9. dxc5 Nc6 10. Nd5 Rd8 11. c4 Nf6 12. Bg5 Ne4 13. Nf4 Rxd1+ 14. Rxd1 Nxg5 15. Nxh5 Nxf3+ 16. Bxf3 gxh5 17. Bxc6+ bxc6 18. f3 Be6 19. b3 Bc3+ 20. Ke2 Rg8 21. Rd3 Rxg2+ 22. Ke3 Bb4 23. Rhd1 Bxc5+ 24. Ke4 Kf8 25. Rd8+ Kg7 26. R1d2 Rg6 27. Ra8 a5 28. Rd1 Kf6 29. Kd3 Rg2 {[%emt 0:00:02] Kd4 Ke5+} 0-1

[Event "84th ESP-ch 2019"]
[Site "Marbella"]
[Date "2019.11.21"]
[Round "6.22"]
[White "Guerra Rivera, Salvador"]
[Black "Romero Calduch, Sergio"]
[Result "1-0"]
[ECO "B12"]
[WhiteElo "2334"]
[BlackElo "2130"]
[Annotator "ChessBase"]
[PlyCount "57"]
[EventDate "2019.11.16"]
[EventType "swiss"]
[EventCountry "ESP"]
[SourceTitle "playchess.com"]
[Source "ChessBase"]
[SourceQuality "1"]
[TimeControl "5400+30"]

1. e4 c6 2. d4 d5 3. e5 Bf5 4. h4 h5 5. Bd3 Bxd3 6. Qxd3 e6 7. Bg5 Qb6 8. Nd2 Nh6 9. Ne2 Nf5 10. c4 Bb4 11. b3 Be7 12. Nf3 Qa6 13. O-O Bxg5 14. hxg5 g6 15. Nf4 Nd7 16. Rfc1 dxc4 17. bxc4 Nb6 18. a4 O-O-O 19. Qc3 Kb8 20. a5 Nc8 21. Nd3 c5 22. Nxc5 Qc6 23. Rab1 Nxd4 24. Nxb7 Ne2+ 25. Kf1 Nxc3 26. Nxd8+ Nxb1 27. Nxc6+ Kc7 28. Ncd4 Na3 29. Rc3 1-0

[Event "84th ESP-ch 2019"]
[Site "Marbella"]
[Date "2019.11.21"]
[Round "6.31"]
[White "Aguado Doncel, Pablo Luis"]
[Black "Martin Carmona, Gaston Manuel"]
[Result "0-1"]
[ECO "E92"]
[WhiteElo "2062"]
[BlackElo "2304"]
[Annotator "ChessBase"]
[PlyCount "74"]
[EventDate "2019.11.16"]
[EventType "swiss"]
[EventCountry "ESP"]
[SourceTitle "playchess.com"]
[Source "ChessBase"]
[SourceQuality "1"]
[TimeControl "5400+30"]

1. d4 Nf6 2. c4 g6 3. Nc3 Bg7 4. e4 O-O 5. Nf3 d6 6. Be2 e5 7. d5 a5 8. Bg5 h6 9. Bh4 Na6 10. Nd2 Bd7 11. O-O Qe8 12. b3 Nh7 13. a3 h5 14. f3 Bh6 15. Rb1 Be3+ 16. Kh1 Bc5 17. Qc1 f5 18. exf5 gxf5 19. f4 e4 20. Rd1 Be3 21. Rf1 Qg6 22. b4 Qh6 23. g3 axb4 24. axb4 Bd4 25. c5 dxc5 26. Bxa6 Qxa6 27. bxc5 Bxc5 28. Ncxe4 Be3 29. Qc3 Qa7 30. Qxc7 fxe4 31. Nc4 b5 32. Qxa7 Bxa7 33. Ne5 Bf5 34. Rxb5 e3 35. Rb4 Rfb8 36. Ra4 e2 37. Re1 Bf2 0-1